 Dungeon Crawl Stone Soup version 0.30-a0-222-ge547ba4400 (webtiles) character file.

Game seed: 15516811451917836879

272993 Ijustatesigmund the Gargoyle Aeon (level 20, -5/139 HPs)
             Began as a Gargoyle Fighter on Oct 7, 2022.
             Was the Champion of Cheibriados.
             Slain by a titan (25 damage)
             ... on level 2 of the Vaults on Oct 8, 2022.
             The game lasted 01:58:09 (36343 turns).

Ijustatesigmund the Gargoyle Aeon (GrFi)           Turns: 36343, Time: 01:58:09

Health: -5/139     AC: 48    Str: 42    XL:     20   Next: 27%
Magic:  30/30      EV: 16    Int: 28    God:    Cheibriados [******]
Gold:   652        SH:  0    Dex: 28    Spells: 14/19 levels left

rFire   + + .      SeeInvis .    S - +2 demon whip (flame)
rCold   . . .      Faith    .    h - +1 kite shield {reflect}
rNeg    + . .      Spirit   .    u - +8 scale mail "Kaoppon" {rC+}
rPois   ∞          Reflect  +    R - +2 hat {Stlth+}
rElec   +          Harm     .    d - +2 cloak {Will+}
rCorr   .          Rampage  .    p - +1 pair of gloves
Will    +++..                    H - +2 pair of boots of Vylioveo {rElec rF++ rC- Stlth+}
Stlth   +++.......               L - amulet "Taruo" {Regen+ Str+4}
HPRegen 1.23/turn                s - +4 ring of slaying
MPRegen 0.22/turn                V - +4 ring of protection

@: confused, ambrosia-drunk, flying, very slow
A: sickness immunity, AC +15, big wings, negative energy resistance 1,
electricity resistance, torment resistance 1, petrification resistance, antennae
1, agile 1, low MP 1, strong-willed 1, screaming 1, subdued magic 1
}: 2/15 runes: decaying, serpentine
a: Renounce Religion, Bend Time, Temporal Distortion, Slouch, Step From Time


You were on level 2 of the Vaults.
You worshipped Cheibriados.
Cheibriados was exalted by your worship.
You visited 7 branches of the dungeon, and saw 33 of its levels.
You also visited: Sewer, Bailey, Ice Cave and Volcano.

You collected 3476 gold pieces.
You spent 2824 gold pieces at shops.

Inventory:

Hand Weapons
 a - a +4 morningstar of draining
 S - a +2 demon whip of flaming (weapon)
 Y - the +10 dark maul {vorpal}
   (You found it on level 5 of the Lair of Beasts)

   It inflicts extra damage upon your enemies.
Missiles
 i - 8 silver boomerangs (quivered)
 x - 4 throwing nets
 E - 5 curare-tipped darts
Armour
 c - the +0 buckler "Histosow" {Str+4 Int+6 SInv}
   (You acquired it in a bailey)

   Str:       It affects your strength (+4).
   Int:       It affects your intelligence (+6).
   SInv:      It lets you see invisible.
 d - a +2 cloak of willpower (worn)
 h - a +1 kite shield of reflection (worn)
 p - a +1 pair of gloves (worn)
 u - the +8 scale mail "Kaoppon" (worn) {rC+}
   (You found it in an ice cave)

   rC:        It protects you from cold.
 G - a +2 kite shield of cold resistance
 H - the +2 pair of boots of Vylioveo (worn) {rElec rF++ rC- Stlth+}
   (You bought it in a shop on level 2 of the Orcish Mines)

   rF:        It greatly protects you from fire.
   rC:        It makes you vulnerable to cold.
   rElec:     It insulates you from electricity.
   Stlth:     It makes you more stealthy.
 J - a +2 crystal plate armour of cold resistance
 R - a +2 hat of stealth (worn)
 T - +0 fire dragon scales
Jewellery
 q - a ring of fire
 s - a +4 ring of slaying (left hand)
 v - a ring of resist corrosion
 B - a ring of ice
 L - the amulet "Taruo" (around neck) {Regen+ Str+4}
   (You acquired it on level 6 of the Dungeon)

   [amulet of regeneration]

   Str:       It affects your strength (+4).
   Regen:     It increases your rate of health regeneration.
 U - a ring of see invisible
 V - a +4 ring of protection (right hand)
 Z - a ring of positive energy
Wands
 g - a wand of polymorph (22)
 A - a wand of iceblast (7)
 D - a wand of light (6)
 F - a wand of charming (12)
 I - a wand of digging (22)
 P - a wand of mindburst (3)
 W - a wand of flame (38)
Scrolls
 m - a scroll of summoning
 t - 8 scrolls of butterflies
 w - 3 scrolls of amnesia
 y - 2 scrolls of poison
 C - 2 scrolls of fear
 N - 4 scrolls of torment
 O - 15 scrolls of identify
 Q - 3 scrolls of teleportation
 X - 2 scrolls of immolation
Potions
 b - a potion of invisibility
 f - 3 potions of cancellation
 j - 7 potions of lignification
 k - 3 potions of attraction
 l - 5 potions of mutation
 n - 13 potions of curing
 o - 6 potions of brilliance
 r - 4 potions of magic
 z - 6 potions of heal wounds
 K - a potion of might


   Skills:
 + Level 19.4 Fighting
 + Level 16.9 Maces & Flails
 - Level 12.8 Armour
 + Level 7.2 Dodging
 - Level 13.1 Stealth
 - Level 7.4 Shields
 - Level 2.4 Conjurations
 - Level 5.0 Fire Magic
 - Level 20.7 Invocations
 - Level 8.7 Evocations


You had 14 spell levels left.
You knew the following spells:

 Your Spells              Type           Power      Damage    Failure   Level
a - Magic Dart            Conj           40%        1d5       13%         1
b - Sticky Flame          Conj/Fire      16%        2d4       63%         4

Your spell library contained the following spells:

 Spells                   Type           Power      Damage    Failure   Level
 Kiss of Death            Conj/Necr      20%        2d7       22%         1
 Shock                    Conj/Air       20%        1d4       22%         1
 Inner Flame              Hex/Fire       10%        N/A       36%         3
 Call Imp                 Summ           0%         N/A       50%         2
 Ensorcelled Hibernation  Hex/Ice        0%         N/A       50%         2
 Passwall                 Tmut/Erth      0%         N/A       50%         2
 Dazzling Flash           Conj/Hex       10%        N/A       56%         3
 Mephitic Cloud           Conj/Pois/Air  3%         N/A       63%         3
 Flame Wave               Conj/Fire      16%        2d7       63%         4
 Confusing Touch          Hex            0%         N/A       73%         3
 Portal Projectile        Hex/Tloc       0%         N/A       73%         3
 Spider Form              Tmut/Pois      0%         N/A       73%         3
 Swiftness                Air            0%         N/A       73%         3
 Tukima's Dance           Hex            0%         N/A       73%         3
 Iskenderun's Mystic Bla  Conj/Tloc      5%         2d3       93%         4
 Airstrike                Air            0%         2d(0-16)  98%         4
 Anguish                  Hex/Necr       0%         N/A       98%         4
 Animate Dead             Necr           0%         N/A       98%         4
 Dispel Undead            Necr           0%         3d6       98%         4
 Olgreb's Toxic Radiance  Pois           0%         N/A       98%         4
 Blade Hands              Tmut           0%         N/A       100%        5
 Starburst                Conj/Fire      8%         6d4       100%        6
 Enfeeble                 Hex            0%         N/A       100%        7
 Haunt                    Necr/Summ      0%         N/A       100%        7
 Ozocubu's Refrigeration  Ice            0%         4d7       100%        7
 Ignition                 Fire           10%        3d5       100%        8
 Infestation              Necr           0%         N/A       100%        8


Dungeon Overview and Level Annotations

Branches:
Dungeon (15/15)            Temple (1/1) D:6            Lair (5/5) D:10
  Swamp (4/4) Lair:2        Snake (4/4) Lair:3        Slime (0/5) Lair:5
    Orc (2/2) D:12            Elf (0/3) Orc:2        Vaults (2/5) D:13
 Depths (0/4) D:15          Sewer (visited)          Bailey (visited)
  IceCv (visited)         Volcano (visited)
  Crypt: Vaults:2-3

Altars:
Ashenzari
Cheibriados
Dithmenos
Elyvilon
Fedhas
Gozag
Hepliaklqana
Kikubaaqudgha
Makhleb
Nemelex Xobeh
Okawaru
Qazlal
Ru
Sif Muna
Trog
Uskayaw
Vehumet
Wu Jian
Xom
Yredelemnul
Zin
The Shining One

Shops:
D:6 *(**:   D:12 *   D:15 :   Orc:2 ([[=   Snake:4 ::


Innate Abilities, Weirdness & Mutations

You are immune to sickness and miasma.
Your stone body is resilient. (AC +15)
You are immune to poison.
Your large and strong wings let you fly.
You resist negative energy. (rN+)
You are resistant to electric shocks. (rElec)
You are resistant to unholy torment.
You are immune to petrification.
You have a pair of small antennae on your head.
You are agile. (Dex +4, Str/Int -1)
Your magical capacity is low. (-10% MP)
You are strong-willed. (Will+)
You occasionally shout uncontrollably at your foes.
Your spells are a little easier to cast, but a little less powerful.


Message History

Unknown command.
Okay, then.
You step out of the flow of time.
You return to the normal time flow.
An ironbound convoker comes into view. It is wielding a +0 flail.
The ironbound convoker moves out of view.
An ironbound thunderhulk comes into view.
It is wielding a +0 great mace.
You yell at the ironbound thunderhulk!
You hear a shout! x3; The ironbound thunderhulk shouts!
You hear a horrible gurgling sound!
You hear a shout!
You hear a horrible gurgling sound! x3
There is an open door, spattered with blood here.
Electricity crackles from the ironbound thunderhulk's apparatus.
The bolt of lightning hits you. You resist.
* * * LOW HITPOINT WARNING * * *
Things that are here:
a +0 falchion; a +0 ring mail; an ogre skeleton You reach down and close the door.
You are confused.
You feel invigorated.
You start resting.
Magic restored.
A titan opens the door.
You bump into the stone wall.
The titan gestures at you while chanting.
The bolt of lightning hits you. You resist. The bolt of lightning hits you.
You resist.
A deep troll comes into view.
You bump into the stone wall.
The titan waves its arms in wide circles.
The air twists around and strikes you!!
* * * LOW HITPOINT WARNING * * *
The titan points at you and mumbles some strange words.
The bolt of lightning hits you! You resist.
* * * LOW HITPOINT WARNING * * *
The deep troll misses you.
The deep troll claws you but does no damage.
The deep troll claws you.
* * * LOW HITPOINT WARNING * * *
Strange energies crackle from the ironbound thunderhulk's apparatus.
The ironbound thunderhulk blinks!
The titan hits you!!
You die...

........#....#......#
#..
........#...)#......#
#..
....[...#..).########
### ........#....#
........'....#
........#....#
#########....######
#....##)#.#
#....##@#'#'###
#...p'CT))..'.#
#....'§))...###
#....'....>.'.#
#....#....<.###
#..O.#......'.
#....##'#'#'###
'....##.#.#.#
#....########


You could see a titan, an ironbound thunderhulk, a deep troll and an ironbound
convoker.

Vanquished Creatures
  Bai Suzhen (Swamp:3)
  Nikola (Swamp:2)
  Mlioglotl (Snake:2)
  Kirke (Snake:2)
  Gastronok (Lair:1)
  A sphinx (Vaults:1)
  3 thorn hunters
  Donald (Snake:3)
  5 nagarajas (Snake:4)
  A frost giant (IceCv)
  2 fenstrider witches
  5 vault wardens
  4 ghouls
  A stone giant (Vaults:2)
  9 ironbound preservers
  3 ironbound thunderhulks
  4 very ugly things (Vaults:1)
  2 eleionomae
  10 bunyips
  A dire elephant (Lair:5)
  Snorg (D:12)
  The ghost of Essalna the Earth Mage, a journeyman GrEE of Vehumet (D:12)
  A fire dragon (Swamp:4)
  A quicksilver dragon zombie (D:15)
  Josephine (D:11)
  A shambling mangrove (Swamp:2)
  4 yaktaur captains
  The ghost of Muuczim the Protected, a journeyman MiBe of Trog (Lair:2)
  An entropy weaver (D:13)
  4 salamander tyrants
  A great orb of eyes (Vaults:1)
  Harold (D:11)
  20 hydras
  6 ghost crabs
  Erica (D:9)
  2 catoblepae
  14 anacondas
  11 centaur warriors
  An ogre mage (D:13)
  7 boulder beetles
  6 alligators
  7 two-headed ogres
  16 naga warriors
  A deep troll shaman (Lair:5)
  A titan zombie (D:15)
  12 death yaks
  6 orc high priests (Orc:2)
  Urug (D:12)
  10 naga sharpshooters
  A spriggan berserker (Swamp:2)
  Nergalle (D:11)
  7 shock serpents
  A storm dragon zombie (D:15)
  Sonja (D:12)
  A fire crab (shapeshifter) (D:14)
  8 skeletal warriors
  2 sea snakes (Snake:1)
  4 salamander mystics
  A death drake (Swamp:4)
  A golden dragon zombie (D:15)
  23 deep trolls
  3 goliath frogs
  3 spriggan druids
  2 bunyip zombies (Swamp:4)
  A bog body (Swamp:1)
  A flayed ghost (D:15)
  7 naga ritualists
  3 ironbound convokers
  A phantasmal warrior (Vaults:2)
  6 lindwurms (Vaults:1)
  A deep elf archer (Volcano)
  9 swamp dragons
  3 necromancers
  A wizard (Vaults:1)
  6 orc knights (Orc:2)
  8 deep elf pyromancers
  7 harpies (Vaults:1)
  11 salamanders
  9 mana vipers
  3 cyclopes
  9 will-o-the-wisps
  An orc sorcerer (Orc:2)
  A human skeleton (Vaults:2)
  3 ugly things
  5 manticores
  36 black mambas
  3 elephants (Lair:5)
  An ice statue (IceCv)
  3 guardian serpents
  A torpor snail (Lair:5)
  4 vault sentinels
  6 cane toads
  15 naga magi
  A gargoyle (D:13)
  4 kobold demonologists
  5 komodo dragons
  A rime drake (Lair:2)
  7 yaktaurs
  A guardian mummy (D:15)
  5 trolls
  18 polar bears
  A bloated husk (Swamp:1)
  9 meliai
  13 hornets
  Grinder (D:5)
  An ettin zombie (Vaults:2)
  4 tyrant leeches
  13 slime creatures (Vaults:1)
  12 blink frogs
  Prince Ribbit (D:8)
  An alligator zombie (Swamp:4)
  6 dream sheep
  2 centaur simulacra
  17 spriggans
  8 wyverns
  2 shadows (D:11)
  2 fire elementals (Volcano)
  8 wraiths
  Grum (D:11)
  2 hogs (Snake:2)
  79 yaks
  3 basilisks
  16 vampire mosquitoes
  A warg (Orc:1)
  2 redbacks
  A steam dragon (Bailey)
  2 acid dragons
  A hydra simulacrum (Swamp:4)
  20 swamp worms
  57 nagas
  A human zombie (Vaults:2)
  6 hell hounds (Volcano)
  17 water moccasins
  8 swamp drakes
  A black bear (D:5)
  Pargi (D:4)
  4 ice beasts
  37 orc warriors
  A swamp dragon zombie (Swamp:4)
  4 boggarts (D:15)
  36 wolves
  12 ogres
  19 centaurs
  3 kobold brigands
  A phantom (D:7)
  2 gnoll sergeants
  8 bullfrogs
  4 scorpions
  8 necrophages
  5 wights (D:10)
  3 killer bees (D:9)
  3 electric eels
  4 crimson imps (D:4)
  4 gnoll boudas (D:7)
  23 orc priests
  12 jellies (Lair:5)
  6 hounds
  2 iguanas
  Ijyb (D:4)
  15 orc wizards
  A hell rat (Sewer)
  17 gnolls
  7 adders
  2 river rats (Sewer)
  A white imp (D:7)
  2 ufetubi
  3 dart slugs (D:4)
  77 orcs
  10 ball pythons
  7 bats
  11 endoplasms
  7 giant cockroaches
  16 goblins
  6 hobgoblins
  16 kobolds
  5 quokkas
  13 frilled lizards
  13 rats
1214 creatures vanquished.

Vanquished Creatures (collateral kills)
  A hydra (Swamp:4)
  2 naga warriors (Snake:1)
  2 deep trolls (Vaults:1)
  An ugly thing (Vaults:1)
  A slime creature (Vaults:1)
  2 nagas (Snake:1)
  2 adders (D:3)
11 creatures vanquished.

Vanquished Creatures (others)
  A nagaraja (Snake:4)
  A hydra (Swamp:4)
  3 alligators (Swamp:3)
  A swamp dragon (Swamp:4)
  A spriggan druid (Swamp:4)
  An ironbound convoker (Vaults:1)
  A deep elf pyromancer (Volcano)
  3 slime creatures (Vaults:1)
  4 bloated husks
  A tyrant leech (Swamp:2)
  A swamp drake (Swamp:4)
  2 orcs
  A kobold (D:7)
  30 foxfires
  37 fungi
  57 plants
  4 toadstools (D:11)
  4 withered plants (D:15)
153 creatures vanquished.

Grand Total: 1378 creatures vanquished

Notes
Turn   | Place    | Note
-------+----------+-------------------------------------------
     0 | D:1      | Ijustatesigmund the Gargoyle Fighter began the quest for
                  | the Orb.
     0 | D:1      | Reached XP level 1. HP: 14/14 MP: 1/1
   101 | D:1      | Gained mutation: Your spells are a little easier to cast,
                  | but a little less powerful. [potion of mutation]
   101 | D:1      | Gained mutation: You have a pair of small antennae on your
                  | head. [potion of mutation]
   101 | D:1      | Gained mutation: You are agile. (Dex +4, Str/Int -1)
                  | [potion of mutation]
   181 | D:1      | Reached XP level 2. HP: 16/19 MP: 2/2
   532 | D:1      | Reached XP level 3. HP: 24/24 MP: 3/3
   694 | D:1      | Found a faded altar of an unknown god.
  1737 | D:3      | Reached XP level 4. HP: 29/29 MP: 4/4
  1929 | D:3      | Reached skill level 1 in Dodging
  2425 | D:4      | Noticed a scorpion
  2433 | D:4      | Killed a scorpion
  2434 | D:4      | Reached XP level 5. HP: 31/34 MP: 5/5
  2484 | D:4      | Reached skill level 5 in Fighting
  2514 | D:4      | Noticed Pargi
  2527 | D:4      | Killed Pargi
  2528 | D:4      | Reached XP level 6. HP: 29/40 MP: 6/6
  2587 | D:4      | Found a white marble altar of Elyvilon.
  2956 | D:4      | Noticed Ijyb
  2966 | D:4      | Killed Ijyb
  2967 | D:4      | Reached XP level 7. HP: 35/45 MP: 7/7
  3052 | D:4      | Found a shimmering altar of Xom.
  3071 | D:4      | Reached skill level 1 in Evocations
  3096 | D:4      | Reached skill level 5 in Maces & Flails
  3305 | D:5      | Entered Level 5 of the Dungeon
  3624 | D:5      | Reached XP level 8. HP: 52/52 MP: 8/8
  3849 | D:5      | Found a glowing drain.
  3853 | Sewer    | Entered a sewer
  4046 | D:5      | Noticed Grinder
  4061 | D:5      | Killed Grinder
  4299 | D:6      | Reached skill level 5 in Evocations
  4341 | D:6      | Found Woisihos's General Store.
  4366 | D:6      | Found Vuvierphe's Assorted Antiques.
  4371 | D:6      | Bought a scratched ivory ring for 125 gold pieces
  4371 | D:6      | Bought a metallic grey potion for 22 gold pieces
  4437 | D:6      | Reached XP level 9. HP: 52/57 MP: 9/9
  4476 | D:6      | Found a staircase to the Ecumenical Temple.
  4501 | Temple   | Entered the Ecumenical Temple
  4901 | D:6      | Found Larul's General Store.
  4904 | D:6      | Found Huetuiff's Weapon Boutique.
  4907 | D:6      | Bought a scroll of identify for 28 gold pieces
  4940 | D:6      | Found Qer Merr's Book Emporium.
  5573 | D:7      | Found a hide-covered altar of Uskayaw.
  5877 | D:7      | You fall into a shaft and drop 2 floors!
  6039 | D:8      | Noticed a troll
  6051 | D:8      | Killed a troll
  6052 | D:8      | Reached XP level 10. HP: 38/66 MP: 10/10
  6879 | D:7      | Identified the +2 leather armour "Qonif" {Int+4}
  7645 | D:8      | Noticed a skeletal warrior
  7655 | D:8      | Reached skill level 5 in Armour
  7670 | D:8      | Killed a skeletal warrior
  7832 | D:8      | Noticed a skeletal warrior
  7832 | D:8      | Noticed a skeletal warrior
  7848 | D:8      | Killed a skeletal warrior
  7861 | D:8      | Killed a skeletal warrior
  8069 | D:8      | Found a shimmering blue altar of Sif Muna.
  8223 | D:8      | Noticed Prince Ribbit
  8234 | D:8      | Killed Prince Ribbit
  8235 | D:8      | Reached XP level 11. HP: 66/71 MP: 11/11
  8435 | D:8      | Learned a level 1 spell: Magic Dart
  8697 | D:9      | Reached skill level 1 in Conjurations
  8736 | D:9      | Noticed Erica
  8760 | D:9      | Killed Erica
  9176 | D:9      | Noticed a manticore
  9182 | D:9      | Killed a manticore
  9183 | D:9      | Reached skill level 10 in Fighting
  9202 | D:9      | Found a snail-covered altar of Cheibriados.
  9210 | D:9      | Became a worshipper of Cheibriados the Contemplative
  9278 | D:9      | Found a glowing golden altar of the Shining One.
  9499 | D:10     | Entered Level 10 of the Dungeon
  9548 | D:10     | Found a sparkling altar of Nemelex Xobeh.
  9567 | D:10     | Reached skill level 1 in Invocations
  9716 | D:10     | Noticed a two-headed ogre
  9799 | D:10     | Reached skill level 2 in Invocations
  9805 | D:10     | Found a flagged portal.
  9810 | Bailey   | Entered a bailey
 10095 | Bailey   | Noticed a two-headed ogre
 10097 | Bailey   | Reached skill level 3 in Invocations
 10108 | Bailey   | Killed a two-headed ogre
 10108 | Bailey   | Reached * piety under Cheibriados
 10205 | Bailey   | Identified a scroll of acquirement
 10211 | Bailey   | Acquired the +0 buckler "Histosow" {Str+4 Int+6 SInv}
 10343 | D:10     | Killed a two-headed ogre
 10344 | D:10     | Reached skill level 4 in Invocations
 10398 | D:10     | Found a staircase to the Lair.
 10407 | D:10     | Reached skill level 10 in Maces & Flails
 10410 | D:10     | Reached XP level 12. HP: 36/80 MP: 15/15
 10412 | D:10     | Reached skill level 5 in Invocations
 10661 | D:10     | Reached ** piety under Cheibriados
 11355 | D:10     | Found a burning altar of Makhleb.
 11528 | D:11     | Noticed Harold
 11536 | D:11     | Killed Harold
 11537 | D:11     | Reached skill level 6 in Invocations
 11571 | D:11     | Noticed Nergalle
 11586 | D:11     | Killed Nergalle
 11800 | D:11     | Noticed Grum
 11818 | D:11     | Killed Grum
 11886 | D:11     | Found a shadowy altar of Dithmenos.
 12120 | D:11     | Noticed Josephine
 12126 | D:11     | Killed Josephine
 12127 | D:11     | Reached skill level 7 in Invocations
 12147 | D:11     | Reached *** piety under Cheibriados
 12318 | D:12     | Noticed Urug
 12363 | D:12     | Noticed Sonja
 12369 | D:12     | Killed Sonja
 12515 | D:12     | Found a large runed translucent door.
 12515 | D:12     | Found a large runed translucent door.
 12661 | D:12     | Noticed Essalna's ghost (journeyman GrEE)
 12693 | D:12     | Found a frozen archway.
 12700 | D:12     | Gained mutation: You are strong-willed. (Will+) [a neqoxec]
 12703 | D:12     | Noticed a soul eater
 12737 | IceCv    | Entered an ice cave
 12964 | IceCv    | Reached skill level 8 in Invocations
 13111 | IceCv    | Reached XP level 13. HP: 85/87 MP: 19/19
 13146 | IceCv    | Reached **** piety under Cheibriados
 13156 | IceCv    | Reached skill level 9 in Invocations
 13468 | IceCv    | Reached skill level 10 in Invocations
 13636 | IceCv    | Reached skill level 5 in Shields
 13669 | IceCv    | Reached ***** piety under Cheibriados
 13801 | IceCv    | Noticed a frost giant
 13820 | IceCv    | Killed a frost giant
 13828 | IceCv    | Reached skill level 11 in Invocations
 13844 | IceCv    | Identified the +8 scale mail "Kaoppon" {rC+}
 14511 | D:12     | Found Yleufec's CLEARANCE SALE!.
 14517 | D:12     | Bought a scroll of vulnerability for 8 gold pieces
 14542 | D:12     | Noticed Snorg
 14551 | D:12     | Killed Snorg
 14656 | D:12     | Killed Urug
 14673 | D:12     | Found a staircase to the Orcish Mines.
 15060 | D:6      | Bought a potion of invisibility for 104 gold pieces
 15060 | D:6      | Bought a scroll of acquirement for 676 gold pieces
 15060 | D:6      | Acquired the amulet "Taruo" {Regen+ Str+4}
 15463 | D:12     | Killed Essalna's ghost
 15472 | D:12     | Identified the +1 quarterstaff of the Hierophant {vorpal,
                  | *Noise rF+ Int+3 Dex+4}
 15649 | D:13     | Gained mutation: Your large and strong wings let you fly.
                  | [Gargoyle growth]
 15649 | D:13     | Reached XP level 14. HP: 87/94 MP: 22/22
 15660 | D:13     | Found a gate to the Vaults.
 15669 | D:13     | Reached skill level 12 in Invocations
 15707 | D:13     | Identified the +6 scimitar of Ustosto {vorpal, rC++ Dex+4}
 17002 | D:14     | Reached skill level 13 in Invocations
 17192 | D:15     | Entered Level 15 of the Dungeon
 17294 | Lair:1   | Entered Level 1 of the Lair of Beasts
 17335 | Lair:1   | Noticed Gastronok
 17349 | Lair:1   | Killed Gastronok
 17450 | Lair:1   | Reached ****** piety under Cheibriados
 17518 | Lair:1   | Identified the +2 ring mail of the Grey Skies {rCorr Str-3
                  | Stlth+}
 17663 | Lair:1   | Identified the +7 falchion of Ejir Fywep {freeze, Str+3
                  | Dex+2 SInv}
 17935 | Lair:2   | Found a dark tunnel.
 17940 | Volcano  | Entered a volcano
 17999 | Volcano  | Reached skill level 15 in Fighting
 18005 | Volcano  | Reached XP level 15. HP: 90/103 MP: 25/25
 18013 | Volcano  | Learned a level 4 spell: Sticky Flame
 18045 | Volcano  | Reached skill level 1 in Fire Magic
 18398 | Lair:2   | Found a staircase to the Swamp.
 18492 | Lair:2   | Found a runed translucent gate.
 18493 | Lair:2   | Found a runed translucent gate.
 18495 | Lair:2   | Found a runed translucent gate.
 18495 | Lair:2   | Noticed Muuczim's ghost (journeyman MiBe)
 18506 | Lair:2   | Killed Muuczim's ghost
 18952 | Lair:3   | Found a staircase to the Snake Pit.
 19141 | Lair:3   | Reached skill level 14 in Invocations
 20076 | Lair:5   | Entered Level 5 of the Lair of Beasts
 20436 | Lair:5   | Found a staircase to the Slime Pits.
 21002 | Lair:5   | Reached skill level 10 in Armour
 21372 | Lair:5   | Found the +10 dark maul {vorpal}
 21377 | Lair:5   | Reached skill level 5 in Fire Magic
 21584 | Orc:1    | Entered Level 1 of the Orcish Mines
 21831 | Orc:2    | Entered Level 2 of the Orcish Mines
 21902 | Orc:2    | Gained mutation: Your magical capacity is low. (-10% MP) [a
                  | neqoxec]
 22233 | Orc:2    | Found a staircase to the Elven Halls.
 22589 | Orc:2    | Reached XP level 16. HP: 92/110 MP: 24/24
 22931 | Orc:2    | Reached skill level 15 in Invocations
 23148 | Orc:2    | Gained mutation: You occasionally shout uncontrollably at
                  | your foes. [a neqoxec]
 23182 | Orc:2    | Found Ydosk's Antique Armour Shop.
 23185 | Orc:2    | Found Nups's Armour Boutique.
 23186 | Orc:2    | Found Viehasu's Weapon Shop.
 23187 | Orc:2    | Found Alohech's Jewellery Shop.
 23191 | Orc:2    | Bought the +2 pair of boots of Vylioveo {rElec rF++ rC-
                  | Stlth+} for 501 gold pieces
 23367 | D:15     | Found a staircase to the Depths.
 23717 | D:15     | Found a bloodstained altar of Trog.
 23735 | D:15     | Found Guixaud's Vocational Training.
 23749 | D:15     | Bought a manual of Invocations for 1040 gold pieces
 24220 | Swamp:1  | Entered Level 1 of the Swamp
 24466 | Snake:1  | Entered Level 1 of the Snake Pit
 24495 | Snake:1  | Reached skill level 16 in Invocations
 25169 | Snake:1  | Reached skill level 17 in Invocations
 26068 | Snake:2  | Noticed Mlioglotl
 26078 | Snake:2  | Killed Mlioglotl
 26470 | Snake:2  | Reached XP level 17. HP: 76/115 MP: 21/26
 26494 | Snake:2  | Reached skill level 18 in Invocations
 26523 | Snake:2  | Identified the +1 pair of gloves "Coqaq" {rPois Regen+
                  | Int+2}
 26792 | Snake:2  | Reached skill level 1 in Stealth
 27379 | Snake:3  | Noticed Kirke
 27383 | Snake:3  | Noticed a sphinx
 27429 | Snake:2  | Killed Kirke
 27430 | Snake:2  | Reached skill level 5 in Stealth
 27777 | Snake:3  | Noticed Donald
 27808 | Snake:3  | Killed Donald
 28703 | Snake:4  | Entered Level 4 of the Snake Pit
 28803 | Snake:4  | Found Heseg's Book Shop.
 28808 | Snake:4  | Found Faezeulo's Book Shop.
 29317 | Snake:4  | Reached skill level 19 in Invocations
 29419 | Snake:4  | Reached XP level 18. HP: 49/122 MP: 24/28
 30006 | Snake:4  | Got a serpentine rune of Zot
 30148 | Snake:4  | Upgraded the game from 0.30-a0-219-gf2db51d15e to
                  | 0.30-a0-222-ge547ba4400
 30552 | Orc:2    | Bought a ring of resist corrosion for 320 gold pieces
 30765 | Swamp:1  | Reached skill level 20 in Invocations
 31363 | Swamp:2  | Found a white marble altar of Elyvilon.
 31392 | Swamp:2  | Reached skill level 15 in Maces & Flails
 31595 | Swamp:2  | Identified the +1 robe of the Sun {rElec Int+4}
 31742 | Swamp:2  | Noticed Nikola
 31780 | Swamp:2  | Killed Nikola
 32646 | Swamp:3  | Reached skill level 10 in Stealth
 32657 | Swamp:3  | Noticed Bai Suzhen
 32782 | Swamp:3  | Killed Bai Suzhen
 33094 | Swamp:3  | Identified the +6 quarterstaff "Dujamm" {freeze, Str+6
                  | Int-2 Dex+7}
 33214 | Swamp:4  | Entered Level 4 of the Swamp
 33253 | Swamp:3  | Reached XP level 19. HP: 100/130 MP: 30/30
 34099 | Swamp:4  | Got a decaying rune of Zot
 34542 | Vaults:1 | Entered Level 1 of the Vaults
 34852 | Vaults:1 | Reached skill level 5 in Dodging
 36025 | Vaults:1 | Reached XP level 20. HP: 138/139 MP: 25/30
 36343 | Vaults:2 | Slain by a titan

Illustrated notes

Levels and vault maps discovered:
D:1:      dpeg_arrival_round_c, layout_rooms,
          hellmonk_ecumenical_altar_lost_god, minmay_lizard_king
D:2:      layout_basic
D:3:      layout_basic
D:4:      layout_loops_ring, lemuel_crystal_altar, led_xom_imps, uniq_ijyb,
          uniq_pargi
D:5:      layout_basic, gup_sewer_entry_spiral, chequers_mini_garden,
          nicolae_fountain_basement, uniq_grinder
D:6:      layout_loops_ring, minmay_temple_entry_enclosed_plants, serial_shops,
          nicolae_square_shop, nicolae_shop_stone,
          nicolae_shop_competitors_out_of_business, shop, shop, chequers_garden,
          roderic_roman_lattice
D:7:      kennysheep_seaside_town, layout_loops_ring,
          eat_drink_and_be_merry_uskayaw, chequers_big_river
D:8:      layout_basic, lemuel_blue_sif_altar, uniq_prince_ribbit1
D:9:      layout_roguey, lemuel_coloured_pillars_altar,
          mainiacjoe_overflow_alcove_2, uniq_erica
D:10:     layout_layer_cave, mainiacjoe_overflow_tiny_flanked,
          kennysheep_little_box, minmay_lair_entry_grove, enter_bailey_3
D:11:     layout_basic, minmay_gold_behind_fungi,
          nicolae_dithmenos_through_a_glass_darkly, uniq_josephine,
          uniq_nergalle, uniq_harold, uniq_grum
D:12:     layout_irregular_city, erik_orc_3, ebering_ghost_disaster_area,
          portal_ice_cave_entry_pillars_2, nicolae_shop_clearance, uniq_sonja,
          uniq_urug, uniq_snorg
D:13:     layout_roguey, david_vaults_2
D:14:     layout_roguey, hangedman_decor_cross_pass
D:15:     gammafunk_depths_entry_grave, layout_basic, trog_three_pillars_becter,
          nicolae_shop_vocational
Temple:   nicolae_temple_two_arcs
Lair:1:   layout_hall_layers, uniq_gastronok
Lair:2:   layout_chaotic_city, minmay_swamp_entry_worms,
          ebering_ghost_rock_garden, enter_volcano_4, serial_bayou_pond_e
Lair:3:   layout_concentric_octagons, dummy_snake_entry,
          nicolae_quartered_pool_super
Lair:4:   layout_misc_corridors
Lair:5:   grunt_lair_end_beastmaster, layout_cave_pods,
          minmay_slime_entry_jelly_boxes, grunt_megastairs_4,
          infiniplex_staircase_pool_2
Swamp:1:  layout_falls_marsh, evilmike_swamp_ruin_house_1,
          infiniplex_staircase_pool
Swamp:2:  layout_basic_swamp, lemuel_altar_in_water, uniq_nikola
Swamp:3:  layout_falls_marsh, evilmike_swamp_ruin_house_5, uniq_bai_suzhen
Swamp:4:  swamp, layout_basic_swamp, nicolae_swamp_necromancer_hut
Snake:1:  nicolae_snake_hallway, layout_gridlike, serial_bayou_shore_a
Snake:2:  layout_cave_shapes, nicolae_integral_box, uniq_mlioglotl
Snake:3:  layout_cave_shapes, serial_bayou_shore_b, uniq_donald, uniq_kirke
Snake:4:  minmay_snake_end_coiled, layout_misc_corridors, minmay_shop_star,
          lemuel_fruit_tree
Orc:1:    layout_caves
Orc:2:    st_orc_pillars, layout_caves
Vaults:1: hangedman_vaults_variations, hangedman_vaults_trim,
          vaults_standard_mumra_enter_the_diamond,
          nicolae_vaults_sealed_display, ontoclasm_vaults_hangar, v_misc_5,
          nicolae_vaults_border_crossing, v_misc_19, v_misc_17, v_misc_22,
          ontoclasm_vaults_shuriken, layout_vaults_omnibox
Vaults:2: hangedman_vaults_unwind, nicolae_vaults_c_with_doors, v_misc_10,
          v_misc_27, layout_vaults_omnigrid, dummy_crypt_entry

Skill      XL: |  1  2  3  4  5  6  7  8  9 10 11 12 13 14 15 16 17 18 19 20 |
---------------+-------------------------------------------------------------+-----
Fighting       | 4 5 6 7 9 11 12 13 15 16 18 19 | 19.4
Maces & Flails | 3 4 5 6 8 10 11 12 13 14 15 16 | 16.9
Dodging        | 1 2 3 6 7 |  7.2
Evocations     | 3 5 6 8 |  8.7
Armour         | 7 8 10 12 | 12.8
Conjurations   | 2 |  2.4
Invocations    | 4 8 11 13 14 17 19 20 | 20.7
Shields        | 5 6 7 |  7.4
Fire Magic     | 5 |  5.0
Stealth        | 9 11 13 | 13.1

Action                   |  1- 3 |  4- 6 |  7- 9 | 10-12 | 13-15 | 16-18 | 19-21 || total
-------------------------+-------+-------+-------+-------+-------+-------+-------++-------
Melee: Flail             |   116 |   116 |   331 |   296 |       |       |       ||   859
       Morningstar       |       |       |       |   277 |   554 |       |       ||   831
       Demon whip        |       |       |       |       |   550 |  1712 |   682 ||  2944
       Maul              |       |       |       |       |    13 |       |       ||    13
Throw: Boomerang         |       |     6 |    10 |     5 |       |       |       ||    21
 Cast: Magic Dart        |       |       |       |       |     1 |       |       ||     1
Invok: Bend Time         |       |       |       |     1 |       |    10 |     2 ||    13
       Slouch            |       |       |       |       |     2 |     9 |     3 ||    14
       Step From Time    |       |       |       |       |       |       |     1 ||     1
Evoke: Wand              |       |       |    15 |     9 |     3 |    27 |    30 ||    84
  Use: Scroll            |     5 |     3 |     8 |    14 |     9 |    14 |     1 ||    54
       Potion            |     1 |       |       |    15 |     3 |     5 |     1 ||    25
 Stab: Distracted        |       |       |     1 |       |       |     2 |     2 ||     5
       Invisible         |       |       |       |    19 |       |     2 |     5 ||    26
       Petrified         |       |       |       |       |     5 |       |       ||     5
       Petrifying        |       |       |       |       |     1 |       |       ||     1
       Sleeping          |       |       |       |       |       |    18 |    11 ||    29
Armor: Scale mail        |    58 |    62 |   171 |    38 |   522 |   737 |   516 ||  2104
       Chain mail        |       |       |       |   376 |    93 |       |       ||   469
       Skin              |       |       |       |     5 |       |       |       ||     5
       Crystal plate arm |       |       |       |       |    12 |   305 |       ||   317
Dodge: Dodged            |    45 |    53 |   138 |   338 |   444 |   653 |   384 ||  2055
Block: Buckler           |    36 |    38 |    96 |   207 |   248 |       |       ||   625
       Kite shield       |       |       |       |       |   210 |  1281 |   581 ||  2072
       Reflection        |       |       |       |       |       |    70 |    19 ||    89

Table legend: (Time is in decaauts)
 A = Elapsed time spent in this place.
 B = Non-inter-level travel time spent in this place.
 C = Inter-level travel time spent in this place.
 D = Time resting spent in this place.
 E = Time spent auto-exploring this place.
 F = Levels seen in this place.
 G = Mean time per level.
                   A        B        C        D        E       F      G
               +--------+--------+--------+--------+--------+-----+--------+
         Total |  50755 |  44959 |   5796 |   4001 |  31038 |  37 | 1371.8 |
       Dungeon |  20120 |  17276 |   2844 |   1268 |  12678 |  15 | 1341.3 |
        Temple |    175 |    175 |      0 |      0 |    106 |   1 |  175.0 |
          Lair |   7728 |   6674 |   1054 |    241 |   5499 |   5 | 1545.6 |
         Swamp |   5511 |   5278 |    233 |    821 |   3207 |   4 | 1377.8 |
     Snake Pit |   8224 |   7723 |    501 |    473 |   5484 |   4 | 2056.0 |
  Orcish Mines |   3468 |   2349 |   1119 |    200 |   1460 |   2 | 1734.0 |
        Vaults |   2322 |   2281 |     41 |    281 |   1287 |   2 | 1161.0 |
         Sewer |    121 |    121 |      0 |      0 |     39 |   1 |  121.0 |
        Bailey |    525 |    525 |      0 |    184 |    179 |   1 |  525.0 |
      Ice Cave |   2276 |   2276 |      0 |    532 |   1016 |   1 | 2276.0 |
       Volcano |    281 |    281 |      0 |      0 |     81 |   1 |  281.0 |
               +--------+--------+--------+--------+--------+-----+--------+

Top non-repeatable levels by time:
   Orc:2: 2442 daAuts
    D:10: 2359 daAuts
 Snake:2: 2291 daAuts
   IceCv: 2276 daAuts
 Snake:3: 2249 daAuts
    D:12: 2127 daAuts
  Lair:5: 2080 daAuts
     D:7: 2018 daAuts
Vaults:1: 1992 daAuts
 Snake:4: 1898 daAuts
  Lair:2: 1892 daAuts
 Snake:1: 1784 daAuts
    D:14: 1663 daAuts
 Swamp:3: 1657 daAuts
     D:8: 1473 daAuts
